[Event "Live Chess"]
[Site "Chess.com"]
[Date "2024.06.02"]
[Round "-"]
[White "Outspanner"]
[Black "KeithArkell"]
[Result "0-1"]
[WhiteElo "1509"]
[BlackElo "2405"]
[TimeControl "300"]
[EndTime "16:24:08 PDT"]
[Termination "KeithArkell won by resignation"]

1. Nf3 d6 2. c4 g6 3. g3 Bg7 4.
Bg2 Nf6 5. O-O O-O 6. Nc3 c5 7.
b3 Nc6 8. Bb2 Bf5 9. d3 Qd7 10.
Nh4 Bh3 11. e3 Bxg2 12. Kxg2 d5 13. Nf3 Rfd8 14. Kg1 d4 15. exd4 Nxd4 16. Re1 Qh3 17.
Ng5 Qf5 18. f4 h6 19. Nf3 Nxf3+ 20. Qxf3 Rxd3 21. Qxb7 Rad8 22. Qxe7 Ng4 23. Qe4 Bxc3 24. Bxc3 Qxe4 25. Rxe4 Rxc3 26. Re2 Re3 27. Rae1 Rxe2 28. Rxe2 Kf8 29. h3 Nf6 30. Kf2 Rd3 31. Re5 Rc3 32.
Rxc5 Ne4+ 0-1

[Event "Live Chess"]
[Site "Chess.com"]
[Date "2024.06.02"]
[Round "-"]
[White "TheSmoulderingMaster"]
[Black "Cruiseylee78"]
[Result "1-0"]
[WhiteElo "1748"]
[BlackElo "1699"]
[TimeControl "300"]
[EndTime "16:24:11 PDT"]
[Termination "TheSmoulderingMaster won by resignation"]

1. e4 d6 2. d4 Nd7 3. Nc3 e5 4. Nf3 c6 5. Bg5 Ngf6 6. Qd2 h6 7.
Bh4 Be7 8. Bg3 Qc7 9. O-O-O b5 10. d5 Bb7 11. dxc6 Bxc6 12. Bxb5 Rc8 13. Bxc6 Qxc6 14. Nd5 Nxd5 15. exd5 Qa4 16. Kb1 Rb8 17. b3 Nc5 18.
Nxe5 dxe5 19. Bxe5 f6 20. Bxb8 1-0

[Event "Live Chess"]
[Site "Chess.com"]
[Date "2024.06.02"]
[Round "-"]
[White "MaksymYurii"]
[Black "koekoekoe"]
[Result "0-1"]
[WhiteElo "952"]
[BlackElo "1965"]
[TimeControl "300"]
[EndTime "16:24:23 PDT"]
[Termination "koekoekoe won by checkmate"]

1. e4 d5 2. e5 c5 3. Nf3 Nc6 4. Bb5 Bg4 5. Bxc6+ bxc6 6. h3 Bh5 7.
g4 Bg6 8. d3 h5 9. g5 e6 10. h4 Ne7 11. d4 Nf5 12. c3 Rb8 13. Na3 Qa5 14. dxc5 Bxc5 15. b4 Bxb4 16. cxb4 Qxb4+ 17. Bd2 Qxa3 18. Rc1 Ne7 19. Nd4 O-O 20. Nxc6 Nxc6 21.
Rxc6 Rb1 22. Rc1 Rfb8 23. O-O Rxc1 24. Bxc1 Qxa2 25. Qd2 Qc4 26. Qa5 Qg4+ 27. Kh1 Be4+ 28. Kh2 Qg2# 0-1

[Event "Live Chess"]
[Site "Chess.com"]
[Date "2024.06.02"]
[Round "-"]
[White "AndrewBak1"]
[Black "Dhaydon19"]
[Result "0-1"]
[WhiteElo "1874"]
[BlackElo "2678"]
[TimeControl "300"]
[EndTime "16:24:31 PDT"]
[Termination "Dhaydon19 won by resignation"]

1. e4 c6 2. d4 d5 3. e5 c5 4. dxc5 Nc6 5. a3 Nxe5 6. b4 Nf6 7. Bb2 Nc6 8. Nf3 e6 9. Bd3 g6 10. O-O Bg7 11. Nc3 O-O 12. Nb5 a6 13. Nd6 Qc7 14.
Re1 Bd7 15. Ne5 b6 16. Nxc6 Bxc6 17. Bd4 bxc5 18. Bxc5 Nd7 19. Rb1 Nxc5 20. bxc5 Qa5 21. Nb7 Bxb7 22. Rxb7 Qxc5 23. Qe2 Qxa3 24. Reb1 Qc5 25.
Bxa6 Ra7 26. Rxa7 Qxa7 27. Rb7 Qd4 28. g3 Qc5 29. c4 d4 30. Rb5 Qa3 31. Bb7 d3 32.
Qf3 Qc1+ 33. Kg2 d2 0-1

[Event "Live Chess"]
[Site "Chess.com"]
[Date "2024.06.02"]
[Round "-"]
[White "grillage"]
[Black "vincents82"]
[Result "0-1"]
[WhiteElo "1849"]
[BlackElo "2033"]
[TimeControl "300"]
[EndTime "16:24:35 PDT"]
[Termination "vincents82 won by resignation"]

1. d4 d5 2. Nf3 Nf6 3. c4 c6 4.
Qc2 g6 5. Bg5 Bf5 6. Qb3 dxc4 7.
Qxb7 Nbd7 8. Qxc6 Rc8 9. Qa4 Bg7 10. Nc3 O-O 11. e3 Nb6 12. Qd1 Ne4 13. Rc1 Nd5 14. Nxd5 Qxd5 15. Bxe7 Rfe8 16. Bb4 a5 17. Bc3 Nxc3 18.
Rxc3 Bg4 19. Be2 Bxf3 20. Bxf3 Qxd4 21. Qxd4 Bxd4 22. Ra3 Bxb2 23. Rxa5 Bc3+ 0-1

[Event "Live Chess"]
[Site "Chess.com"]
[Date "2024.06.02"]
[Round "-"]
[White "JanMur7"]
[Black "Queensandpawns"]
[Result "0-1"]
[WhiteElo "2294"]
[BlackElo "2318"]
[TimeControl "300"]
[EndTime "16:24:39 PDT"]
[Termination "Queensandpawns won by resignation"]

1. c4 d5 2. cxd5 c6 3. Nc3 cxd5 4. d4 Nc6 5. Nf3 Bf5 6. Bd2 e6 7. Qb3 Nb4 8. Qa4+ Qd7 9. Qxd7+ Kxd7 10. Ne5+ Ke8 11. e4 Nc2+ 12. Kd1 Bxe4 13. Nxe4 Nxa1 14. Bb5+ Ke7 15. Bb4+ Kd8 16. Bxf8 dxe4 17. Bxg7 Ke7 18. Bxh8 f6 19. Nd7 a6 20. Nb6 Rd8 21. Ba4 Rxd4+ 22. Ke2 Rb4 23. Nc8+ Kd8 24. Nd6 Rxa4 25. Rxa1 Ke7 26.
Nxb7 Nh6 27. Nc5 Rc4 28. Nxa6 Rc8 29. Bxf6+ Kxf6 30. b4 Nf5 31. Rd1 Rc2+ 32. Kf1 Rxa2 33.
Nc5 e3 34. Re1 Rxf2+ 35. Kg1 Rb2 36. g4 Nh4 37. Rxe3 Rb1+ 38. Kf2 Rxb4 39. Nxe6 Ng6 40.
Nc5 Rb2+ 41. Kg3 Rc2 42. Rf3+ Ke5 43. Ne4 Kxe4 44. h4 Ne5 45. h5 Nxf3 46. g5 Nxg5 0-1

[Event "Live Chess"]
[Site "Chess.com"]
[Date "2024.06.02"]
[Round "-"]
[White "jimwad"]
[Black "AlexanderMatlak"]
[Result "0-1"]
[WhiteElo "1333"]
[BlackElo "2393"]
[TimeControl "300"]
[EndTime "16:24:45 PDT"]
[Termination "AlexanderMatlak won by resignation"]

1. d4 Nf6 2. Nc3 d5 3. Bg5 Ne4 4. Nxe4 dxe4 5. e3 c6 6. Bc4 Qa5+ 7. c3 Qxg5 8. Qb3 e6 9. Kf1 Bd6 10. Nh3 Qh4 11. Ke2 O-O 12. Rag1 Nd7 13. Qd1 Nb6 14. Bb3 e5 15. dxe5 Bxe5 16. Kd2 Bxh3 17. gxh3 Rad8+ 0-1

[Event "Live Chess"]
[Site "Chess.com"]
[Date "2024.06.02"]
[Round "-"]
[White "raclement"]
[Black "MagnersCarlsberg2870"]
[Result "0-1"]
[WhiteElo "1717"]
[BlackElo "1788"]
[TimeControl "300"]
[EndTime "16:25:05 PDT"]
[Termination "MagnersCarlsberg2870 won by resignation"]

1. Nf3 Nc6 2. d4 d5 3. g3 Bg4 4. Bg2 Nf6 5. O-O h5 6. h3 Bf5 7. c3 Qd7 8. Kh2 h4 9. g4 Bxg4 10. hxg4 Nxg4+ 11. Kg1 h3 12. Bh1 h2+ 13. Kg2 Nf6 14.
Re1 Qg4+ 15. Kf1 Qh3+ 16. Bg2 h1=Q+ 0-1

[Event "Live Chess"]
[Site "Chess.com"]
[Date "2024.06.02"]
[Round "-"]
[White "Frankie_Badacsonyi"]
[Black "hapehansen"]
[Result "1/2-1/2"]
[WhiteElo "2444"]
[BlackElo "2256"]
[TimeControl "300"]
[EndTime "16:25:06 PDT"]
[Termination "Game drawn by agreement"]

1. Nf3 Nf6 2. d4 e6 3. c4 d5 4. g3 Be7 5. Bg2 O-O 6. O-O c6 7. Nc3 b6 8. b3 Ba6 9. Ne5 Nfd7 10. Nxd7 Nxd7 11. cxd5 cxd5 12. Bb2 Rc8 13. Rc1 Nf6 14. Qd2 Qd7 15. Rfe1 Rc7 16. e3 Rfc8 17. Ne2 Ne4 18. Bxe4 dxe4 19. Rxc7 Rxc7 20. Rc1 Bxe2 21. Qxe2 Rxc1+ 22. Bxc1 Qc8 23. Bb2 f5 24. Qd2 1/2-1/2

[Event "Live Chess"]
[Site "Chess.com"]
[Date "2024.06.02"]
[Round "-"]
[White "ShanthamGrarks"]
[Black "jk0110"]
[Result "1-0"]
[WhiteElo "1831"]
[BlackElo "1223"]
[TimeControl "300"]
[EndTime "16:25:07 PDT"]
[Termination "ShanthamGrarks won by checkmate"]

1. d4 Nf6 2. Nc3 d5 3. Bf4 c5 4.
e3 a6 5. dxc5 Bf5 6. Bd3 Bg6 7.
b4 e6 8. Nf3 Nc6 9. Ne5 Nxb4 10. Nxg6 hxg6 11. Rb1 Nxd3+ 12. Qxd3 Bxc5 13. Rxb7 Qa5 14.
O-O Qd8 15. Rfb1 Bd6 16. Ne2 Bxf4 17. Nxf4 Nd7 18. Nxe6 fxe6 19. Qxg6+ Kf8 20. Qxe6 Nc5 21. Qf7# 1-0

[Event "Live Chess"]
[Site "Chess.com"]
[Date "2024.06.02"]
[Round "-"]
[White "viktor_forever1994"]
[Black "nigelst"]
[Result "0-1"]
[WhiteElo "1372"]
[BlackElo "1718"]
[TimeControl "300"]
[EndTime "16:25:17 PDT"]
[Termination "nigelst won by checkmate"]

1. e4 c6 2. d4 d5 3. exd5 cxd5 4. Nc3 Nf6 5. h3 Nc6 6. Nf3 Bf5 7. Bf4 e6 8. a3 Qb6 9. Rb1 Ne4 10. Nxe4 dxe4 11.
Ne5 Qxd4 12. Qxd4 Nxd4 13. c3 Nb3 14. Bb5+ Ke7 15. O-O f6 16. Ng4 e3 17. Bxe3 Bxb1 18. Rxb1 h5 19. Nh2 g6 20. Nf3 Bh6 21. Re1 Bxe3 22.
Rxe3 e5 23. Bc4 Na5 24. Bd5 Nc6 25. Nh4 Rh6 26. f4 Kf8 27. Bb3 Rd8 28. Kh2 Rd2 29. fxe5 Nxe5 30. Rg3 Rxb2 31. Bd5 b6 32. c4 Rd2 33. a4 a5 34. Nf3 Nxf3+ 35. Rxf3 f5 36. Bc6 Rh7 37. Bb5 Re7 38. Rg3 Kg7 39. Rb3 Ree2 40.
Rg3 f4 41. Rg5 Kf6 42. Rd5 Rxg2+ 43. Kh1 Rge2 44. c5 Re1+ 45. Bf1 Rxf1# 0-1

[Event "Live Chess"]
[Site "Chess.com"]
[Date "2024.06.02"]
[Round "-"]
[White "Sir_Sigmund"]
[Black "oscalik"]
[Result "0-1"]
[WhiteElo "1849"]
[BlackElo "2271"]
[TimeControl "300"]
[EndTime "16:25:37 PDT"]
[Termination "oscalik won by checkmate"]

1. e4 c5 2. Be2 g6 3. d3 Bg7 4. c3 d6 5. f4 e6 6. Na3 Ne7 7. Nf3 O-O 8. O-O Nbc6 9. Qe1 Rb8 10. Nc2 b5 11. a3 a5 12. Bd2 b4 13. axb4 axb4 14. Qh4 bxc3 15. Bxc3 f6 16. Ne3 d5 17. Ng4 d4 18. Be1 Rxb2 19. Rf2 e5 20. fxe5 Bxg4 21.
Qxg4 Nxe5 22. Qe6+ Kh8 23. Ra7 Nxf3+ 24. gxf3 Re8 25.
Ba5 Qc8 26. Qf7 Bh6 27. Qxf6+ Kg8 28. Rxe7 Rxe7 29. Qxe7 Be3 30. Kg2 c4 31. Bd8 Qc6 32. dxc4 d3 33. Bc7 Rxe2 34. Qd8+ Kf7 35. Rxe2 dxe2 36. Be5 e1=Q 37. Qd5+ Qxd5 38. cxd5 Qf2+ 39. Kh3 Qxf3+ 40. Kh4 g5# 0-1

[Event "Live Chess"]
[Site "Chess.com"]
[Date "2024.06.02"]
[Round "-"]
[White "dmitro74"]
[Black "WelshTiger"]
[Result "1/2-1/2"]
[WhiteElo "1689"]
[BlackElo "2472"]
[TimeControl "300"]
[EndTime "16:26:03 PDT"]
[Termination "Game drawn by repetition"]

1. d4 d5 2. c4 e6 3. Nc3 c5 4.
cxd5 exd5 5. e3 a6 6. a4 Nf6 7. Nf3 Nc6 8. dxc5 Bxc5 9. Bd3 O-O 10. O-O Bg4 11. Be2 Re8 12. h3 Bh5 13. Nd4 Bxe2 14.
Ncxe2 Ne5 15. Bd2 Ne4 16. b4 Bf8 17. Nb3 Nc4 18. Bc3 Rc8 19. Rc1 Qd7 20. Nbd4 Nxc3 21. Nxc3 Bxb4 22. Qb3 a5 23. Nf3 Qf5 24. Rfd1 Nb6 25.
Nd4 Qe5 26. Ncb5 Rc4 27. Nf3 Qe6 28. Nc7 Rxc1 29. Nxe6 Rxd1+ 30. Qxd1 fxe6 31. Ne5 Rc8 32. f4 Bc5 33. Kf2 Bd6 34. Qg4 Re8 35. Qh5 Re7 36. Nd3 Nc4 37. Kf3 g6 38. Qh4 Nd2+ 39. Ke2 Ne4 40. Qe1 b6 41. Qc1 Rc7 42. Qb2 Rc6 43. Ne5 Nc3+ 44. Kf3 Bxe5 45. fxe5 Ne4 46. Qb5 Rc2 47.
Qxb6 Rf2+ 48. Kg4 h5+ 49. Kh4 Rxg2 50. Qxe6+ Kg7 51. Qe7+ Kh6 52. Qf8+ Kh7 53. Qf7+ Kh8 54. Qf8+ Kh7 55. Qf7+ Kh6 56. Qf8+ Kh7 1/2-1/2

[Event "Live Chess"]
[Site "Chess.com"]
[Date "2024.06.02"]
[Round "-"]
[White "TigerTank70"]
[Black "NebodarMatevich"]
[Result "1-0"]
[WhiteElo "2238"]
[BlackElo "1568"]
[TimeControl "300"]
[EndTime "16:26:07 PDT"]
[Termination "TigerTank70 won by resignation"]

1. e4 d5 2. exd5 Qxd5 3. Nc3 Qd6 4.
d4 Nf6 5. Nf3 a6 6. Be2 Nc6 7.
O-O Bf5 8. Be3 O-O-O 9. h3 e6 10.
Bd3 Bg6 11. Qe2 Bxd3 12. Qxd3 Nd5 13. a3 Nxe3 14. fxe3 f6 15. b4 e5 16. b5 exd4 17. Ne4 Qe6 18. bxc6 dxe3 19. cxb7+ Kb8 20. Qxd8+ 1-0

[Event "Live Chess"]
[Site "Chess.com"]
[Date "2024.06.02"]
[Round "-"]
[White "EPotapov05"]
[Black "IgorSchukin"]
[Result "0-1"]
[WhiteElo "1795"]
[BlackElo "1745"]
[TimeControl "300"]
[EndTime "16:26:09 PDT"]
[Termination "IgorSchukin won by resignation"]

1. d4 d5 2. c4 e5 3. dxe5 d4 4.
a3 Nc6 5. e3 Nge7 6. Nf3 Bg4 7. Be2 Bxf3 8. Bxf3 Ng6 9. exd4 Nxd4 10. Bxb7 Rb8 11. Be4 Nxe5 12. O-O Bc5 13. b4 Be7 14.
Bb2 c5 15. Re1 Nxc4 16. Bxd4 Qxd4 17. Bc6+ Kf8 18. Qxd4 cxd4 19. Rd1 Bf6 20. Ra2 Ke7 21. Rc2 Ne5 22. Be4 Rhd8 23. Rc7+ Kf8 24. Rxa7 d3 25. f4 Nc4 26. Rxd3 Bd4+ 27. Kf1 Bxa7 28. Rxd8+ Rxd8 0-1

[Event "Live Chess"]
[Site "Chess.com"]
[Date "2024.06.02"]
[Round "-"]
[White "Crowded_House"]
[Black "KwikPhoenix"]
[Result "0-1"]
[WhiteElo "1727"]
[BlackElo "2445"]
[TimeControl "300"]
[EndTime "16:26:39 PDT"]
[Termination "KwikPhoenix won by resignation"]

1. d4 e5 2. dxe5 Nc6 3. Nf3 Qe7 4. c3 Nxe5 5. Nxe5 Qxe5 6. Nd2 c6 7. Nf3 Qh5 8. e3 Nf6 9. Be2 Qa5 10. Bd2 d5 11. c4 Qc7 12. cxd5 Nxd5 13. O-O Be7 14. Bc4 Nb6 15.
Bb3 O-O 16. Ba5 Bf6 17. Qc2 Bg4 18. Nd2 Qe5 19. Bxb6 axb6 20. Rab1 Qh5 21. Ne4 Be5 22. Ng3 Bxg3 23. hxg3 Rfe8 24. Qd2 Be6 25. Bd1 Qg5 26. a3 Bc4 27. Be2 Bxe2 28. Qxe2 Re6 29. Rfd1 Qe7 30. Rd2 h6 31. Rbd1 Qf6 32. Rd7 Re7 33. Rxe7 Qxe7 34.
Qd2 Qf6 35. Qd4 Qe6 36. Qd7 Qb3 37.
Rd2 Rf8 38. Qxb7 Qc4 39. Qd7 Qc1+ 40. Kh2 c5 41. Qd3 Qe1 42. Qe2 Qc1 43. Rc2 Qb1 44.
Qd2 Re8 45. Qc1 Qxc1 46. Rxc1 Rd8 47. Rc2 Rd3 48. Rc3 Rd2 49. Rb3 Rd6 50. a4 Kf8 51.
Rc3 Ke7 52. Rc2 Kd7 53. b3 Kc6 54. Rb2 Rd3 55. b4 c4 56. a5 Ra3 57. axb6 Kxb6 58. Kg1 c3 59. Rc2 Kb5 60. Kf1 Kxb4 61. Ke2 Kc4 62.
f3 Rb3 63. e4 Rb2 64. Kd1 Kb3 65. Rxb2+ cxb2 66. Ke2 b1=Q 67. Kf2 Kc3 0-1

[Event "Live Chess"]
[Site "Chess.com"]
[Date "2024.06.02"]
[Round "-"]
[White "koekoekoe"]
[Black "CheckThis4"]
[Result "0-1"]
[WhiteElo "1965"]
[BlackElo "2690"]
[TimeControl "300"]
[EndTime "16:26:56 PDT"]
[Termination "CheckThis4 won by resignation"]

1. d4 Nf6 2. Bf4 c5 3. c3 cxd4 4. cxd4 Qb6 5. Qb3 Qxd4 6. e3 Qc5 7. Nd2 Nc6 8. Ngf3 d5 9. Bb5 Bd7 10. O-O a6 11. Rac1 Qxb5 12. Qxb5 axb5 13. Ne5 e6 14. Nxd7 Kxd7 15. Nb3 Bd6 16. Bxd6 Kxd6 17. Nc5 Rhb8 18. Rfd1 Rxa2 19. e4 Rxb2 20. f4 Ke7 21. exd5 Nxd5 22.
Re1 Nxf4 23. g3 Ne2+ 24. Kf1 Nxc1 0-1

[Event "Live Chess"]
[Site "Chess.com"]
[Date "2024.06.02"]
[Round "-"]
[White "GEMdzq"]
[Black "GwaryTek"]
[Result "0-1"]
[WhiteElo "2295"]
[BlackElo "1915"]
[TimeControl "300"]
[EndTime "16:27:17 PDT"]
[Termination "GwaryTek won by resignation"]

1. e4 Nf6 2. e5 Nd5 3. d4 d6 4.
Nf3 Bg4 5. Bc4 e6 6. O-O Be7 7. h3 Bh5 8. a3 O-O 9. Bd3 Nc6 10. c4 Nb6 11. g4 Bg6 12. Bf4 dxe5 13. Nxe5 Nxd4 14.
Nxg6 hxg6 15. Nc3 c5 16. Bg3 Rc8 17. Rc1 Bh4 18. Bf4 Bg5 19. Bxg5 Qxg5 20. Ne4 Qf4 21. Kg2 f5 22. gxf5 gxf5 23. Ng3 Rf6 24. Qh5 Rh6 25.
Ne2 Qxc1 26. Rxc1 Rxh5 27. Nxd4 cxd4 28. c5 Nd5 29. Bb5 a6 30. Bd7 Rd8 31. Bxe6+ Kf8 32. Kg3 Ke7 33. Re1 Kf6 34. h4 f4+ 35. Kg4 Re5 36.
Rxe5 Kxe5 37. Bxd5 Rxd5 38. c6 bxc6 39. Kf3 d3 0-1

[Event "Live Chess"]
[Site "Chess.com"]
[Date "2024.06.02"]
[Round "-"]
[White "vincents82"]
[Black "jimwad"]
[Result "1-0"]
[WhiteElo "2033"]
[BlackElo "1333"]
[TimeControl "300"]
[EndTime "16:27:32 PDT"]
[Termination "vincents82 won by resignation"]

1. e4 e5 2. Nf3 Nc6 3. Bb5 Nf6 4. d3 Bc5 5. O-O d6 6. c3 Bd7 7. Re1 O-O 8. Nbd2 Ne7 9. Bxd7 Qxd7 10. Nf1 h6 11. Be3 Bxe3 12. Nxe3 Ng6 13. Nf5 Nf4 14. g3 Nh3+ 15. Kg2 Ng5 16. Nxg5 hxg5 17. Rh1 Nh7 18.
h4 g6 19. Ne3 gxh4 20. Rxh4 Kg7 21. Nd5 c6 22. Rxh7+ Kxh7 23. Nf6+ 1-0

[Event "Live Chess"]
[Site "Chess.com"]
[Date "2024.06.02"]
[Round "-"]
[White "toog"]
[Black "CarmelJane"]
[Result "1-0"]
[WhiteElo "2604"]
[BlackElo "2067"]
[TimeControl "300"]
[EndTime "16:27:55 PDT"]
[Termination "toog won by resignation"]

1. Nf3 c5 2. e3 g6 3. d4 Bg7 4.
Be2 cxd4 5. exd4 d5 6. O-O Nc6 7. c3 Bg4 8. Nbd2 e6 9. h3 Bxf3 10. Nxf3 Nf6 11. Re1 O-O 12. Bd3 h6 13. Bf4 a6 14.
Qd2 Kh7 15. Re2 b5 16. a3 Na5 17. Rae1 Nc4 18. Qc2 a5 19. Ne5 b4 20. axb4 axb4 21.
Nxc4 dxc4 22. Bxc4 bxc3 23. bxc3 Rc8 24. Qd3 Qa5 25.
Be5 Nd5 26. Bxg7 Kxg7 27. Bxd5 Rxc3 28. Qd2 exd5 29. Qf4 Qc7 30. Re5 Qc6 31. h4 Rc8 32.
h5 g5 33. Qf5 Rc1 34. Rxc1 Qxc1+ 35. Kh2 Qc7 36. g3 Rd8 37. Rxd5 Rxd5 38. Qxd5 Qc2 39.
Qe5+ Kg8 40. Qf6 g4 41. d5 Qd3 42. d6 Qd2 43. Kg1 Qd1+ 44. Kg2 Qd5+ 45. Kh2 Qd2 46.
Qf5 Qd4 47. d7 Kg7 48. Kg2 f6 49. Qe6 1-0

[Event "Live Chess"]
[Site "Chess.com"]
[Date "2024.06.02"]
[Round "-"]
[White "MaksymYurii"]
[Black "Dhaydon19"]
[Result "0-1"]
[WhiteElo "952"]
[BlackElo "2678"]
[TimeControl "300"]
[EndTime "16:28:13 PDT"]
[Termination "Dhaydon19 won by checkmate"]

1. e4 e6 2. Nf3 d5 3. e5 c5 4. d4 cxd4 5. Qxd4 Nc6 6. Qa4 Bd7 7. Bb5 Nge7 8. Nd4 Nxe5 9. Bxd7+ Qxd7 10. Qb3 N7c6 11.
Nxc6 Nxc6 12. Nc3 Be7 13. O-O Nd4 14. Qa4 Qxa4 15. Nxa4 Nxc2 16. Bf4 Nxa1 17. Rxa1 Kd7 18. Rc1 Rhc8 19. Re1 Rc4 20. Nc3 Rxf4 21. Rc1 Rc4 22. b3 Rc6 23. a4 Rac8 24. h3 Rxc3 25. Rxc3 Rxc3 26. b4 Bxb4 27. a5 Rc2 28. Kh2 Bd6+ 29. g3 Rxf2+ 30. Kg1 Bxg3 31. a6 b6 32. h4 d4 33. h5 d3 34. h6 d2 35. hxg7 d1=Q# 0-1

[Event "Live Chess"]
[Site "Chess.com"]
[Date "2024.06.02"]
[Round "-"]
[White "StoreySniper"]
[Black "DoctorMantisTobogganMD"]
[Result "1-0"]
[WhiteElo "2531"]
[BlackElo "2178"]
[TimeControl "300"]
[EndTime "16:28:22 PDT"]
[Termination "StoreySniper won by checkmate"]

1. e4 c6 2. d4 g6 3. c4 d5 4. Nc3 dxe4 5. Nxe4 Bg7 6. Be3 Nd7 7.
Nf3 Ngf6 8. Nc3 O-O 9. Be2 Qc7 10. O-O e5 11. d5 cxd5 12. cxd5 a6 13. Rc1 Qd6 14.
Ng5 b5 15. Nge4 Nxe4 16. Nxe4 Qb4 17. Bf3 f5 18. Nc5 e4 19. Be2 Ne5 20. b3 f4 21.
Bd2 Qd4 22. Qc2 f3 23. Be3 Qxd5 24. Rfd1 Qf7 25. gxf3 exf3 26. Bf1 Bf5 27. Qd2 Ng4 28. a4 Nxe3 29. Qxe3 Rae8 30. Qf4 Kh8 31. axb5 axb5 32. Bxb5 Rc8 33. b4 Qf6 34. Qxf3 Qb2 35. Qb3 Qe5 36.
Qg3 Qf6 37. Bd3 Bxd3 38. Nxd3 Rxc1 39. Rxc1 Bh6 40. Rc7 Bg7 41. Kg2 Qa1 42. b5 Qa8+ 43. f3 Qb8 44. Rc5 Qd8 45. f4 Qb6 46. Qe3 Qb7+ 47. Qf3 Qf7 48. Qd5 Qe8 49. b6 Qa8 50. b7 Qb8 51. Qd7 Bf6 52. Rc8 Bg7 53.
Rxb8 Rxb8 54. Qc8+ Rxc8 55. bxc8=Q+ Bf8 56. Qxf8# 1-0

[Event "Live Chess"]
[Site "Chess.com"]
[Date "2024.06.02"]
[Round "-"]
[White "KeithArkell"]
[Black "NeilDruggan73"]
[Result "1-0"]
[WhiteElo "2405"]
[BlackElo "1747"]
[TimeControl "300"]
[EndTime "16:29:16 PDT"]
[Termination "KeithArkell won by resignation"]

1. d4 Nf6 2. Nf3 d6 3. g3 g6 4. Bg2 Bg7 5. c4 O-O 6. Nc3 c6 7. O-O Qc7 8. Bf4 Nh5 9. Be3 Nd7 10.
Qd2 b6 11. Bh6 Bb7 12. Rac1 Ndf6 13. h3 d5 14. cxd5 Qd7 15. Bxg7 Kxg7 16. Ne5 Qd6 17.
dxc6 Bc8 18. Nb5 Qe6 19. Nc7 Qxa2 20. Nxa8 Bxh3 21. Bxh3 Ne4 22. Qe3 f5 23. Nc7 Qxb2 24. Ne6+ Kg8 25. Nxf8 Kxf8 26. c7 1-0

[Event "Live Chess"]
[Site "Chess.com"]
[Date "2024.06.02"]
[Round "-"]
[White "Queensandpawns"]
[Black "ShanthamGrarks"]
[Result "1-0"]
[WhiteElo "2319"]
[BlackElo "1829"]
[TimeControl "300"]
[EndTime "16:29:35 PDT"]
[Termination "Queensandpawns won by resignation"]

1. e4 e6 2. d4 d5 3. exd5 exd5 4.
Bd3 c6 5. Nf3 Nf6 6. O-O Be7 7.
c4 O-O 8. cxd5 cxd5 9. Nc3 Nc6 10. Bf4 Bg4 11. h3 Bxf3 12. Qxf3 Nxd4 13. Qd1 Ne6 14. Bg3 Bd6 15. f4 Nc5 16. Bc2 Nce4 17. Bh4 Nxc3 18. bxc3 Qb6+ 19. Kh1 Ne4 20. Qxd5 Nxc3 21. Qd3 g6 22. Qxc3 Rac8 23. Qd3 Rfe8 24. f5 Qc5 25. fxg6 hxg6 26. Bb3 Qe5 27. Qxg6+ 1-0

[Event "Live Chess"]
[Site "Chess.com"]
[Date "2024.06.02"]
[Round "-"]
[White "wadsy27"]
[Black "bear856"]
[Result "1-0"]
[WhiteElo "2574"]
[BlackElo "2372"]
[TimeControl "300"]
[EndTime "16:29:39 PDT"]
[Termination "wadsy27 won by resignation"]

1. c4 c6 2. g3 d5 3. Nf3 Bg4 4. Ne5 Bf5 5. Qb3 Qb6 6. cxd5 Qxb3 7. axb3 cxd5 8. Nc3 e6 9. g4 Bc2 10. Nb5 Na6 11. Nd4 f6 12. Nxc2 fxe5 13. d4 Nb4 14. Nxb4 Bxb4+ 15. Bd2 Bxd2+ 16. Kxd2 exd4 17. Kd3 e5 18. f4 exf4 19. Bg2 Nf6 20. g5 Ne4 21. Bxe4 dxe4+ 22. Kxd4 O-O 23. Kxe4 Rae8+ 24. Kf3 Re3+ 25. Kf2 Rfe8 26.
Rhe1 Rxb3 27. Rxa7 Rxb2 28. Ra4 Re5 29. h4 Rf5 30.
Kf3 Rb3+ 31. Kg4 g6 32. Rxf4 Rxf4+ 33. Kxf4 Kf7 34. e4 Ke6 35. Rc1 Rb2 36. Rc7 Rf2+ 37. Ke3 Rf7 38. Rc5 Rd7 39. Rb5 Rc7 40. Kf4 Rf7+ 41.
Kg4 Rc7 42. h5 gxh5+ 43. Kxh5 Rd7 44. Kh6 Re7 45. Rf5 Kd6 46. Rf8 Ke5 47. Rh8 Kf4 48. e5 Kf5 49. Rg8 Kxe5 50. Rg7 Re6+ 51. Kxh7 b5 52.
g6 Kf5 53. Rf7+ Kg5 54. Rb7 1-0

[Event "Live Chess"]
[Site "Chess.com"]
[Date "2024.06.02"]
[Round "-"]
[White "cymbalshift"]
[Black "stevochess11"]
[Result "1-0"]
[WhiteElo "1734"]
[BlackElo "1701"]
[TimeControl "300"]
[EndTime "16:30:28 PDT"]
[Termination "cymbalshift won by checkmate"]

1. d4 Nf6 2. Nc3 d5 3. e4 dxe4 4. f3 c5 5. d5 e6 6. fxe4 exd5 7. exd5 Bg4 8. Nf3 Nbd7 9. Bg5 Bd6 10. h3 Bh5 11. Bb5 O-O 12. Bxd7 Qxd7 13. Bxf6 gxf6 14.
O-O Be5 15. Qd2 Bxf3 16. Rxf3 Bd4+ 17. Kh1 Kh8 18. Raf1 Qd6 19. Ne4 Qxd5 20. Nxf6 Qe6 21. c3 Be5 22. Qh6 Bxf6 23. Rxf6 Qe4 24. R6f4 Qd5 25.
Qf6+ Kg8 26. Rg4+ Qg5 27. Rxg5# 1-0

[Event "Live Chess"]
[Site "Chess.com"]
[Date "2024.06.02"]
[Round "-"]
[White "ACM42"]
[Black "gmnorfolk"]
[Result "0-1"]
[WhiteElo "2166"]
[BlackElo "2148"]
[TimeControl "300"]
[EndTime "16:30:38 PDT"]
[Termination "gmnorfolk won on time"]

1. e4 c5 2. Nf3 d6 3. d4 cxd4 4. Nxd4 Nf6 5. Nc3 a6 6. Be2 e5 7. Nb3 Be7 8. O-O O-O 9. f4 b5 10. a3 Bb7 11. Bf3 Nbd7 12. Qe1 Rc8 13. Be3 Nb6 14. Rd1 Nc4 15. Bc1 Qc7 16. Nd5 Nxd5 17. exd5 exf4 18. Kh1 Bf6 19. c3 Be5 20. Qh4 f6 21.
Be4 g5 22. Qh3 Qg7 23. Nd4 Bxd4 24. cxd4 f5 25. Bxf5 Rcd8 26. Be6+ Kh8 27. b3 Nb6 28. Qf3 g4 29. Qxg4 Qxg4 30. Bxg4 Bxd5 31. b4 Nc4 32. Bxf4 Nxa3 33. Ra1 Nc4 34. Rxa6 Ne3 35. Rxd6 Nxg4 36. h3 Rxd6 37. hxg4 Re6 38. Be5+ Kg8 39. Ra1 Rxe5 40. dxe5 Re8 41. Re1 Kf7 42. Kh2 Ke6 43. Kg3 Rc8 44. Rh1 Rc7 45. Kf4 Bxg2 46. Rh6+ Kd5 47. Rd6+ Kc4 48. e6 Bc6 49. Ke5 Be8 50. Kf6 Kxb4 51. Rd8 Bg6 52. e7 Rc6+ 53. Ke5 Rc1 54. Kf6 Re1 55.
g5 Kb3 56. Rd7 b4 57. Kg7 Kb2 58. Kh6 b3 59. Rd4 Kc3 0-1

[Event "Live Chess"]
[Site "Chess.com"]
[Date "2024.06.02"]
[Round "-"]
[White "jimwad"]
[Black "GwaryTek"]
[Result "0-1"]
[WhiteElo "1332"]
[BlackElo "1916"]
[TimeControl "300"]
[EndTime "16:30:44 PDT"]
[Termination "GwaryTek won by checkmate"]

1. c4 Nf6 2. g3 c6 3. Bg2 d5 4.
cxd5 cxd5 5. d4 Nc6 6. e3 Bg4 7.
f3 Bf5 8. Nc3 e6 9. Nge2 h5 10.
O-O Bd6 11. f4 h4 12. Nb5 hxg3 13. Nxg3 Bb8 14. Nxf5 exf5 15. Qc2 Ne4 16. Bxe4 fxe4 17. Qg2 Qh4 18. Rf2 Rh6 19. Qxg7 Rg6+ 20. Rg2 Qe1# 0-1

[Event "Live Chess"]
[Site "Chess.com"]
[Date "2024.06.02"]
[Round "-"]
[White "GEMdzq"]
[Black "vincents82"]
[Result "1-0"]
[WhiteElo "2298"]
[BlackElo "2029"]
[TimeControl "300"]
[EndTime "16:31:14 PDT"]
[Termination "GEMdzq won by resignation"]

1. e4 d5 2. exd5 Qxd5 3. Nc3 Qd8 4. d4 Nf6 5. Bc4 a6 6. Nf3 b5 7. Bb3 c5 8. dxc5 Qxd1+ 9. Kxd1 e6 10. Bf4 Bb7 11.
Re1 Bxc5 12. Ke2 Nbd7 13. Kf1 O-O 14. h3 Bb4 15. Red1 Bxc3 16. bxc3 Bxf3 17. gxf3 Rac8 18. a4 Rxc3 19. axb5 axb5 20. Ke2 Nb6 21. Be5 Rc6 22.
Ra6 Ra8 23. Rda1 Rxa6 24. Rxa6 Nfd7 25. Bd4 Rd6 26. c3 Kf8 27. Bc2 e5 28. Be3 g6 29.
Bd3 Nc8 30. Ra8 Nb6 31. Bxb6 Rxb6 32. Rxc8+ 1-0

[Event "Live Chess"]
[Site "Chess.com"]
[Date "2024.06.02"]
[Round "-"]
[White "NebodarMatevich"]
[Black "EPotapov05"]
[Result "0-1"]
[WhiteElo "1565"]
[BlackElo "1798"]
[TimeControl "300"]
[EndTime "16:31:22 PDT"]
[Termination "EPotapov05 won by resignation"]

1. e4 e6 2. b3 d5 3. Bb2 dxe4 4. Nc3 Nf6 5. Qe2 b6 6. O-O-O Bb7 7. d3 exd3 8. Rxd3 Nbd7 9. f3 Bd6 10. Ne4 Nxe4 11. fxe4 Qe7 12. Bxg7 Rg8 13. Bh6 O-O-O 14. Nf3 Rg6 15. Bd2 Ba3+ 16. Kb1 Nc5 17. Rxd8+ Qxd8 18. Bc3 Nxe4 19. Ba1 Rg8 20. Ne5 Qe7 21. Qe3 f6 22. Nc4 Bc5 23. Qh3 Nf2 0-1